 Dungeon Crawl Stone Soup version 0.27.1-3-gb3d3a73c9e (webtiles) character file.

Game seed: 8474440763667869740

44 scsoc the Firebug (level 3, -3/24 HPs)
             Began as a Human Fire Elementalist on Oct 31, 2021.
             Slain by a goblin (4 damage)
             ... led by Robin
             ... on level 3 of the Dungeon.
             The game lasted 00:10:12 (2320 turns).

scsoc the Firebug (Human Fire Elementalist)         Turns: 2320, Time: 00:10:13

Health: -3/24      AC:  5    Str:  8    XL:     3   Next: 87%
Magic:  1/6        EV: 12    Int: 16    God:
Gold:   191        SH:  0    Dex: 13    Spells: 3/7 levels left

rFire    . . .     SeeInvis .   (no weapon)
rCold    . . .     Faith    .   (no shield)
rNeg     . . .     Spirit   .   a - +0 robe
rPois    .         Reflect  .   f - +2 helmet
rElec    .         Harm     .   (no cloak)
rCorr    .         Rampage  .   (no gloves)
Will     .....                  (no boots)
Stlth    ++........             (no amulet)
HPRegen  0.08/turn              (no ring)
MPRegen  0.10/turn              (no ring)

@: mighty
A: no striking features
a: no special abilities


You were on level 3 of the Dungeon.
You visited 1 branch of the dungeon, and saw 3 of its levels.

You collected 191 gold pieces.

Inventory:

Armour
 a - a +0 robe (worn)
 f - a +2 helmet (worn)
Magical Staves
 c - a staff of fire
Scrolls
 h - a scroll of amnesia


   Skills:
 + Level 2.1 Dodging
 + Level 2.2 Stealth
 + Level 2.5 Spellcasting
 + Level 1.2 Conjurations
 + Level 3.8 Fire Magic


You had 3 spell levels left.
You knew the following spells:

 Your Spells              Type           Power      Damage    Failure   Level
a - Foxfire               Conj/Fire      40%        2x1d6     7%          1
b - Conjure Flame         Conj/Fire      10%        6-21      21%         3

Your spell library contained the following spells:

 Spells                   Type           Power      Damage    Failure   Level
 Inner Flame              Hex/Fire       8%         N/A       26%         3
 Frozen Ramparts          Ice            4%         1d2       52%         3
 Sticky Flame             Conj/Fire      10%        2d3       56%         4
 Fireball                 Conj/Fire      5%         3d5       88%         5
 Ice Form                 Ice/Tmut       2%         N/A       89%         4
 Summon Ice Beast         Ice/Summ       2%         N/A       89%         4


Dungeon Overview and Level Annotations

Branches:
Dungeon (3/15)

Altars:
Dithmenos

Shops:
D:1 *

Annotations:
D:3 Robin


Message History

The hobgoblin barely misses you. The goblin closely misses you.
The goblin hits you but does no damage. The goblin closely misses you.
The goblin no longer looks unusually strong.
The goblin closely misses you. The hobgoblin closely misses you.
The goblin hits you with a +0 club.
* * * LOW HITPOINT WARNING * * *
A hobgoblin comes into view.
The hobgoblin shouts!
The goblin no longer looks unusually strong.
The hobgoblin no longer looks unusually strong.
Robin roars a battlecry!
The goblins go into a battle-frenzy!
The goblin misses you. The goblin barely misses you.
The hobgoblin no longer looks unusually strong.
The goblin unwields a +0 club.
The goblin wields a +0 hunting sling.
The goblin shoots a stone.
The stone closely misses you.
Robin roars a battlecry!
The hobgoblin goes into a battle-frenzy!
The goblin shoots a stone.
The stone closely misses you. Robin throws the goblin at you!
Really attack while wielding nothing?
Okay, then.
Casting: Foxfire (safe; 7% risk of failure)
Confirm with . or Enter, or press ? or * to list all spells.
You conjure some foxfire!
The goblin barely misses you.
The foxfire hits the goblin.
The goblin is severely wounded.
A phantom comes into view.
Really attack while wielding nothing?
You closely miss the goblin. The goblin hits you with a +0 club.
* * * LOW HITPOINT WARNING * * *
The hobgoblin hits you but does no damage.
The goblin hits you but does no damage. The goblin barely misses you.
The hobgoblin hits you.
* * * LOW HITPOINT WARNING * * *
The goblin completely misses you. The goblin barely misses you.
The hobgoblin misses you. The goblin hits you with a +0 club.
You die...

.. #.#.....#..#..... .
#.#.....#.........
..#.#.._..'†.#>....... ##
....#.....#.####.#...# # .#
#...#.....#.# #)..#.# .#
#...#######.# # #.)g#.#
.##########.........# #.#..g#.#
........########g####### ...)..##
.†#####.......##@gggg..####......
.....##.#####.##g###W........#
#.##.......##.##g..g....####)####
#.......##........#........).....
#######.#####.##..#..#..####.####
#.#####.##..#............
#.......##........###.####
###########.#.###.# #. #.......#
#.


You could see a phantom, Robin, 3 hobgoblins and 3 goblins.

Vanquished Creatures
  A worm (D:3)
  3 endoplasms (D:1)
  2 giant cockroaches (D:1)
  9 goblins
  3 hobgoblins
  A kobold (D:1)
  6 quokkas
  A ball python (D:3)
  5 bats
  2 frilled lizards (D:1)
  3 rats
36 creatures vanquished.

Vanquished Creatures (others)
  102 foxfires
102 creatures vanquished.

Grand Total: 138 creatures vanquished

Notes
Turn   | Place    | Note
-------+----------+-------------------------------------------
     0 | D:1      | scsoc the Human Fire Elementalist began the quest for the
                  | Orb.
     0 | D:1      | Reached XP level 1. HP: 13/13 MP: 3/3
   281 | D:1      | Reached XP level 2. HP: 19/19 MP: 3/5
   379 | D:1      | Found Kinn's General Store.
  1188 | D:1      | Reached XP level 3. HP: 24/24 MP: 2/6
  1467 | D:2      | Found a faded altar of an unknown god.
  1602 | D:2      | Learned a level 3 spell: Conjure Flame
  2081 | D:3      | Found a shadowy altar of Dithmenos.
  2300 | D:3      | Noticed Robin
  2301 | D:3      | Identified a scroll of acquirement
  2301 | D:3      | Acquired a staff of fire
  2316 | D:3      | Noticed a phantom
  2318 | D:3      | HP: 1/24 [hobgoblin[Robin] (1)]
  2320 | D:3      | Slain by a goblin

Illustrated notes

Levels and vault maps discovered:
D:1:      dpeg_arrival_leaves_temple_mockup, layout_basic, serial_shops,
          nicolae_shop_temple_entry_statues_fountains
D:2:      layout_basic, hellmonk_ecumenical_altar_run_dry
D:3:      layout_loops_cross, amcnicky_altar_gilded, uniq_grinder, uniq_robin

Action                   || total
-------------------------++-------
Melee: Unarmed           ||     3
 Cast: Foxfire           ||    74
  Use: Scroll            ||     4
       Potion            ||     1
Armor: Robe              ||    10
Dodge: Dodged            ||    37
